 Dungeon Sprint DCSS version 0.28.0-43-g3370ac3207 (webtiles) character file.

Game seed: 9462456672196561013

3800000 smarlow the Archmage (level 24, -82/208 HPs)
             Began as a Djinni Warper on Mar 2, 2022.
             Was the Champion of Makhleb.
             Annihilated by a large bag of meat
             ... wielding a +9 giant spiked club
              (104 damage)
             ... in the Dungeon (Sprint VIII: "Arena of Blood").
             The game lasted 00:02:49 (38 turns).

smarlow the Archmage (Djinni Warper)                  Turns: 38, Time: 00:02:50

Health: -82/208    AC:  6    Str: 18    XL:     24   Next: 8%
Gold:   0          EV: 27    Int: 17    God:    Makhleb [******] SH:  0 Dex: 15

rFire   + + .      SeeInvis .   i - +∞ Axe of Woe
rCold   x . .      Faith    .   (shield currently unavailable)
rNeg    . . .      Spirit   .   b - +0 leather armour
rPois   ∞          Reflect  .   (no helmet)
rElec   .          Harm     .   (no cloak)
rCorr   .          Rampage  .   (no gloves)
Will    ++...      NoTele   +   (boots unavailable)
Stlth   ++++......              (no amulet)
HPRegen 0.44/turn               (no ring)
MPRegen 0.00/turn               (no ring)

@: sluggish, silenced, flying, very slow
A: sickness immunity, fire resistance 2, cold vulnerability 1, float, innate
caster, HP casting, extra vitality 1
a: Renounce Religion


You were in the Dungeon.
You worshipped Makhleb.
Makhleb was exalted by your worship.
You visited 1 branch

Inventory:

Hand Weapons
 a - a +0 hand axe
 i - the +∞ Axe of Woe (weapon)
   (You found it in the Dungeon)
Missiles
 d - 5 boomerangs of dispersal (quivered)
Armour
 b - a +0 leather armour (worn)
Scrolls
 c - 2 scrolls of blinking
Potions
 e - a potion of curing
 f - a potion of heal wounds
 g - a potion of haste
 h - a potion of berserk rage


   Skills:
 O Level 27 Fighting
 + Level 14.3(16.7) Short Blades
 + Level 14.3(16.7) Long Blades
 O Level 27 Axes
 + Level 13.2(22.9) Maces & Flails
 + Level 13.2(22.9) Polearms
 + Level 14.3(18.8) Staves
 + Level 13.2(21.7) Slings
 + Level 13.2 Bows
 + Level 13.2 Crossbows
 O Level 27 Throwing
 O Level 27 Armour
 O Level 27 Dodging
 + Level 14.3 Stealth
 + Level 14.6 Shields
 + Level 14.6 Unarmed Combat
 O Level 27 Spellcasting
 + Level 14.6 Invocations
 + Level 14.6 Evocations


You had 8 spell levels left.
You knew the following spells:

 Your Spells              Type           Power      Damage    Failure   Level
a - Blink                 Tloc           100%       N/A       0%          2
b - Lesser Beckoning      Tloc           86%        N/A       0%          3
c - Gell's Gravitas       Tloc           86%        N/A       0%          3
d - Teleport Other        Tloc           86%        N/A       0%          3
e - Manifold Assault      Tloc           86%        N/A       0%          5
f - Foxfire               Conj/Fire      100%       2x1d9     0%          1
g - Wereblood             Tmut           86%        N/A       0%          2
h - Swiftness             Air            86%        N/A       0%          3
i - Passage of Golubria   Tloc           86%        N/A       0%          4
j - Animate Armour        Summ/Erth      100%       N/A       0%          4
k - Silence               Hex/Air        43%        N/A       0%          5
l - Eringya's Noxious Bo  Tmut/Pois      43%        N/A       0%          6
m - Summon Hydra          Summ           43%        N/A       1%          7
n - Enfeeble              Hex            43%        N/A       1%          7
o - Orb of Destruction    Conj           43%        9d12      1%          7
p - Haunt                 Necr/Summ      43%        N/A       1%          7
Your spell library was empty.

Dungeon Overview and Level Annotations

Branches:
Dungeon (1/1)

Altars:
Makhleb


Innate Abilities, Weirdness & Mutations

You are immune to sickness and miasma.
You are immune to poison.
Your flesh is very heat resistant. (rF++)
You are vulnerable to cold. (rC-)
You float through the air rather than walking.
You learn spells naturally, not from books.
Your magical power is your life essence.
You have superior vitality. (+4 MHP)


Message History

Your Evocations skill gained 2 levels and is now at level 13!
You hit the destroyer but do no damage.
You fatally mangle the destroyer.
You destroy the destroyer!
Makhleb accepts your kill.
You slash the bag of meat!
You dissect the bag of meat like a pig carcass.
You kill the bag of meat!
Makhleb accepts your kill.
You slash the bag of meat! You chop the bag of meat into pieces.
You kill the bag of meat!
Makhleb accepts your kill.
You hear a shout!
An eight-headed meat hydra comes into view.
Your base Short Blades skill increases to level 14!
Your base Long Blades skill increases to level 14!
Your base Maces & Flails skill increases to level 13!
Your base Polearms skill increases to level 13!
Your base Staves skill increases to level 14!
Your base Slings skill increases to level 13!
Your Bows skill increases to level 13!
Your Crossbows skill increases to level 13!
Your Stealth skill increases to level 14!
Your Shields skill increases to level 14!
Your Unarmed Combat skill increases to level 14!
Your Invocations skill increases to level 14!
Your Evocations skill increases to level 14!
You have reached level 24!
You feel agile.
Casting: Blink (safe; 0% risk of failure)
Confirm with . or Enter, or press ? or * to list all spells.
A profound silence engulfs you.
The bag of meat hits you with a +9 war axe!!
The large bag of meat hits you with a +9 giant spiked club!
The large bag of meat hits you with a +9 giant spiked club!!!
The bag of meat hits you with a +9 war axe!!
The large bag of meat hits you with a +9 giant spiked club!!!!
* * * LOW HITPOINT WARNING * * *
The large bag of meat hits you with a +9 giant spiked club!!!!
Ouch! That really hurt!
You die...

.. .. ..## oo..#.
......o o...# .....o..
...#§.........
###o..#............
##o@o.Vo#...........
#.oozOO...o...........
....oo#oo.)§§§..........
....ooo#o.).)§..#.......
....z.o...#z☼§..#...O...
...z...#..°)☼)###.......
..#........§☼D)))).###..
..##.......#..)))..._...
.....#.......#.)...#


You could see an eight-headed meat hydra, a destroyer, 4 sculptors of flesh, 2
large bags of meat and 16 bags of meat.

Vanquished Creatures
  3 vampire knights (D)
  13 ogres (D)
  2 two-headed ogres (D)
  35 orcs (D)
53 creatures vanquished.

Notes
Turn   | Place    | Note
-------+----------+-------------------------------------------
     0 | D        | Found the +∞ Axe of Woe
     0 | D        | smarlow the Djinni Warper began the quest for the Orb.
     0 | D        | Reached XP level 1. HP: 18/18 MP: 0/0
     0 | D        | Noticed a bag of meat
     3 | D        | Became a worshipper of Makhleb the Destroyer
     3 | D        | Noticed a meat berserker
     4 | D        | Killed a bag of meat
     4 | D        | Noticed a bag of meat
     5 | D        | Reached skill level 10 in Dodging
     5 | D        | Reached skill level 15 in Spellcasting
     5 | D        | Reached XP level 2. HP: 34/34 MP: 0/0
     5 | D        | Reached XP level 3. HP: 40/40 MP: 0/0
     5 | D        | Learned a level 1 spell: Foxfire
     5 | D        | Reached XP level 4. HP: 45/45 MP: 0/0
     5 | D        | Reached XP level 5. HP: 50/50 MP: 0/0
     5 | D        | Learned a level 2 spell: Wereblood
     5 | D        | Reached XP level 6. HP: 57/57 MP: 0/0
     5 | D        | Reached XP level 7. HP: 61/61 MP: 0/0
     5 | D        | Learned a level 3 spell: Swiftness
     5 | D        | Reached XP level 8. HP: 67/67 MP: 0/0
     5 | D        | Reached XP level 9. HP: 73/73 MP: 0/0
     5 | D        | Learned a level 4 spell: Passage of Golubria
     5 | D        | Reached XP level 10. HP: 78/78 MP: 0/0
     5 | D        | Reached XP level 11. HP: 84/84 MP: 0/0
     5 | D        | Learned a level 4 spell: Animate Armour
     5 | D        | Noticed a bag of meat
     6 | D        | Noticed a bag of meat
     6 | D        | Noticed a bag of meat
     7 | D        | Killed a meat berserker
     7 | D        | Reached * piety under Makhleb
     7 | D        | Noticed a bag of meat
     8 | D        | Reached XP level 12. HP: 92/95 MP: 0/0
     8 | D        | Reached XP level 13. HP: 98/101 MP: 0/0
     8 | D        | Learned a level 5 spell: Silence
     8 | D        | Noticed a meat berserker
     8 | D        | Noticed a bag of meat
     8 | D        | Noticed a bag of meat
     9 | D        | Killed a bag of meat
     9 | D        | Noticed a bag of meat
    10 | D        | Killed a bag of meat
    11 | D        | Reached XP level 14. HP: 110/110 MP: 0/0
    11 | D        | Noticed a bag of meat
    11 | D        | Noticed a bag of meat
    12 | D        | Killed a bag of meat
    12 | D        | Reached ** piety under Makhleb
    12 | D        | Noticed a bag of meat
    13 | D        | Killed a bag of meat
    13 | D        | Killed a bag of meat
    13 | D        | Killed a meat berserker
    13 | D        | Reached *** piety under Makhleb
    13 | D        | Noticed a bag of meat
    13 | D        | Noticed a bag of meat
    14 | D        | Reached skill level 15 in Axes
    14 | D        | Reached skill level 15 in Dodging
    14 | D        | Reached XP level 15. HP: 122/122 MP: 0/0
    14 | D        | Learned a level 6 spell: Eringya's Noxious Bog
    14 | D        | Noticed a meat berserker
    15 | D        | Reached XP level 16. HP: 130/130 MP: 0/0
    15 | D        | Reached **** piety under Makhleb
    15 | D        | Noticed a meat berserker
    16 | D        | Reached skill level 5 in Throwing
    16 | D        | Noticed a meat berserker
    16 | D        | Noticed a meat berserker
    18 | D        | Reached skill level 5 in Armour
    18 | D        | Reached ***** piety under Makhleb
    18 | D        | Noticed a meat berserker
    19 | D        | Reached skill level 27 in Spellcasting
    19 | D        | Reached XP level 17. HP: 143/143 MP: 0/0
    19 | D        | Learned a level 7 spell: Summon Hydra
    20 | D        | Killed a meat berserker
    20 | D        | Killed a meat berserker
    20 | D        | Noticed a large bag of meat
    21 | D        | Reached XP level 18. HP: 158/158 MP: 0/0
    21 | D        | Noticed a large bag of meat
    22 | D        | Noticed a large bag of meat
    22 | D        | Noticed a meat berserker
    22 | D        | Noticed a meat berserker
    23 | D        | Noticed a meat berserker
    24 | D        | Noticed a meat berserker
    24 | D        | Killed a large bag of meat
    25 | D        | Killed a meat berserker
    25 | D        | Noticed a large bag of meat
    25 | D        | Noticed a destroyer
    26 | D        | Reached skill level 27 in Axes
    26 | D        | Killed a meat berserker
    26 | D        | Killed a meat berserker
    26 | D        | Reached ****** piety under Makhleb
    27 | D        | Reached skill level 27 in Fighting
    27 | D        | Reached skill level 10 in Throwing
    27 | D        | Reached skill level 27 in Dodging
    27 | D        | Reached XP level 19. HP: 169/174 MP: 0/0
    27 | D        | Learned a level 7 spell: Enfeeble
    27 | D        | Killed a meat berserker
    27 | D        | Killed a meat berserker
    27 | D        | Noticed a destroyer
    28 | D        | Reached XP level 20. HP: 178/181 MP: 0/0
    28 | D        | Noticed a destroyer
    29 | D        | Killed a meat berserker
    29 | D        | Killed a destroyer
    29 | D        | Noticed a meat berserker
    30 | D        | Reached XP level 21. HP: 187/187 MP: 0/0
    30 | D        | Learned a level 7 spell: Orb of Destruction
    30 | D        | Killed a large bag of meat
    30 | D        | Noticed a destroyer
    31 | D        | Reached skill level 27 in Throwing
    31 | D        | Reached skill level 27 in Armour
    32 | D        | Reached XP level 22. HP: 194/194 MP: 0/0
    32 | D        | Noticed a meat berserker
    35 | D        | Killed a meat berserker
    35 | D        | Killed a meat berserker
    36 | D        | Reached skill level 10 in Maces & Flails
    36 | D        | Reached skill level 10 in Polearms
    36 | D        | Reached skill level 10 in Slings
    36 | D        | Reached skill level 10 in Bows
    36 | D        | Reached skill level 10 in Crossbows
    36 | D        | Reached XP level 23. HP: 201/201 MP: 0/0
    36 | D        | Learned a level 7 spell: Haunt
    36 | D        | Killed a destroyer
    37 | D        | Killed a destroyer
    38 | D        | Reached XP level 24. HP: 208/208 MP: 0/0
    38 | D        | Annihilated by a large bag of meat

Illustrated notes

Levels and vault maps discovered:
D:        meatsprint

Skill      XL: |  1  2  3  4  5  6  7  8  9 10 11 12 13 14 15 16 17 18 19 20 21 22 23 |
---------------+----------------------------------------------------------------------+-----
Fighting       | 9 12 13 16 17 20 23 27 | 27.0
Axes           | 8 11 12 15 17 20 24 27 | 27.0
Throwing       | 3 4 5 7 10 16 23 27 | 27.0
Armour         | 2 3 4 5 7 11 18 26 27 | 27.0
Dodging        | 10 12 13 15 16 18 21 27 | 27.0
Spellcasting   | 15 19 21 24 25 27 | 27.0
Short Blades   | 7 11 14 | 14.3
Long Blades    | 7 11 14 | 14.3
Maces & Flails | 6 10 13 | 13.2
Polearms       | 6 10 13 | 13.2
Staves         | 7 11 14 | 14.3
Slings         | 6 10 13 | 13.2
Bows           | 6 10 13 | 13.2
Crossbows      | 6 10 13 | 13.2
Stealth        | 7 11 14 | 14.3
Shields        | 7 11 14 | 14.6
Unarmed Combat | 7 11 14 | 14.6
Invocations    | 7 11 14 | 14.6
Evocations     | 7 11 14 | 14.6

Action                   |  1- 3 |  4- 6 |  7- 9 | 10-12 | 13-15 | 16-18 | 19-21 | 22-24 || total
-------------------------+-------+-------+-------+-------+-------+-------+-------+-------++-------
Melee: Executioner's axe |     1 |       |       |     1 |     5 |     8 |     4 |     5 ||    24
 Cast: Swiftness         |       |       |       |     1 |       |       |       |       ||     1
       Blink             |       |       |       |       |       |       |       |     1 ||     1
       Silence           |       |       |       |       |       |       |       |     1 ||     1
Dodge: Dodged            |       |       |       |       |       |       |     1 |       ||     1
